 Dungeon Crawl Stone Soup version 0.20-b1-18-gaa2fd62 (webtiles) character file.

84 Hook the Caller (level 4, -1/24 HPs)
             Began as a Tengu Summoner on May 24, 2017.
             Slain by a gnoll
             ... wielding a +0 whip
              (8 damage)
             ... on level 2 of the Dungeon.
             The game lasted 00:14:15 (3422 turns).

Hook the Caller (Tengu Summoner)                    Turns: 3422, Time: 00:14:16

Health: -1/24      AC:  2    Str:  9    XL:     4   Next: 46%
Magic:  0/8        EV: 13    Int: 16    God:
Gold:   103        SH:  0    Dex: 14    Spells: 2/8 levels left

rFire    . . .     SeeInvis .   f - +0 whip
rCold    . . .     Gourm    .   (no shield)
rNeg     . . .     Faith    .   a - +0 robe
rPois    .         Spirit   .   (helmet restricted)
rElec    .         Reflect  .   (no cloak)
rCorr    .         Harm     .   (no gloves)
MR       .....                  (boots unavailable)
Stlth    ++........             (no amulet)
Regen    0.1/turn               (no ring)
MPRegen  0.2/turn               (no ring)

@: no status effects
A: beak, talons 3
a: no special abilities


You were on level 2 of the Dungeon.
You were full.

You visited 1 branch of the dungeon, and saw 3 of its levels.

You collected 103 gold pieces.

Inventory:

Hand Weapons
 f - a +0 whip (weapon)
Missiles
 e - 129 stones (quivered)
 j - 54 arrows
Armour
 a - a +0 robe (worn)
Wands
 n - a wand of iceblast (7/15)
Scrolls
 i - 3 scrolls of fog
 q - 3 scrolls of identify
Potions
 c - a potion of magic
 d - a potion of agility {unknown}
 m - a potion of lignification {unknown}
 o - a potion of invisibility {unknown}
Books
 b - a book of Callings

   Spells                             Type                      Level
   a - Summon Small Mammal            Summoning                    1
   b - Call Imp                       Summoning                    2
   c - Call Canine Familiar           Summoning                    3
   d - Summon Guardian Golem          Hexes/Summoning              3
   e - Summon Lightning Spire         Summoning/Air                4
   f - Summon Ice Beast               Ice/Summoning                4
Comestibles
 g - a royal jelly
 h - 3 meat rations
 k - 2 fruits
 l - a bread ration


   Skills:
 + Level 0.2 Fighting
 + Level 0.7 Maces & Flails
 * Level 3.1 Dodging
 + Level 2.4 Stealth
 * Level 2.6 Spellcasting
 * Level 5.6 Summonings


You had 2 spell levels left.
You knew the following spells:

 Your Spells              Type           Power        Failure   Level  Hunger
a - Summon Small Mammal   Summ           ###.         1%          1    #......
b - Call Imp              Summ           ###.....     3%          2    ##.....
c - Call Canine Familiar  Summ           ###.....     6%          3    ###....


Dungeon Overview and Level Annotations

Branches:
Dungeon (3/15)

Altars:
Dithmenos
Hepliaklqana
Okawaru
Xom

Annotations:
D:3 2 transporters


Innate Abilities, Weirdness & Mutations

You have a beak for a mouth.
You have claws for feet.


Message History

Your hound bites the ogre.
Your shadow imp splashes around in the water.
The ogre closely misses your shadow imp.
The gnoll hits you but does no damage.
Your hound barely misses the ogre.
You climb upwards.
There is a stone staircase leading down here.
Casting: Call Imp
Confirm with . or Enter, or press ? or * to list all spells.
The gnoll hits you with a whip!
* * * LOW HITPOINT WARNING * * *
You hit the gnoll. Your peck misses the gnoll.
The gnoll is lightly wounded.
The gnoll barely misses you.
Your quokka bites the gnoll.
You closely miss the gnoll. You peck the gnoll.
The gnoll is severely wounded.
The gnoll closely misses you.
Your quokka closely misses the gnoll.
You hit the gnoll but do no damage. You peck the gnoll, but do no damage.
The gnoll is severely wounded.
Your quokka bites the gnoll.
The gnoll hits you with a whip!
You die...

## ##########. ###..........
###############.....####...
#...........##.............
#.###.........÷....).#†#...
#.# #.#####r##..)......#...
#.###.####g..............#.
#.>.......@)##.............
#.....#####.##..###..##.###
##...<.#####.....# #.....#
#.............##.###.#######
##...........###............
##....####### #############
#..#.# #..#.# #..#.#


You could see a gnoll and a friendly quokka.

Vanquished Creatures
  An ooze (D:1)
  A dart slug (D:1)
  A leopard gecko (D:1)
  A giant cockroach (D:2)
  5 hobgoblins
  2 jackals (D:1)
  A ball python (D:2)
  10 bats
  2 frilled lizards
  4 goblins
  4 kobolds
  3 rats
35 creatures vanquished.

Vanquished Creatures (collateral kills)
  2 adders (D:2)
  A worm (D:2)
  10 dart slugs
  A leopard gecko (D:1)
  A bat (D:2)
  A giant cockroach (D:1)
  2 goblins (D:1)
  5 hobgoblins
  4 jackals (D:2)
  4 kobolds
  2 quokkas (D:2)
  A frilled lizard (D:3)
  A rat (D:1)
35 creatures vanquished.

Grand Total: 70 creatures vanquished

Notes
Turn   | Place    | Note
-------+----------+-------------------------------------------
     0 | D:1      | Hook the Tengu Summoner began the quest for the Orb.
     0 | D:1      | Reached XP level 1. HP: 10/10 MP: 4/4
   135 | D:1      | Reached skill level 5 in Summonings
   182 | D:1      | Reached XP level 2. HP: 3/15 MP: 3/6
   797 | D:1      | Learned a level 2 spell: Call Imp
  1197 | D:1      | Reached XP level 3. HP: 12/19 MP: 7/7
  1740 | D:2      | Found a shimmering altar of Xom.
  1741 | D:2      | Found a shadowy altar of Dithmenos.
  1742 | D:2      | Found an iron altar of Okawaru.
  2367 | D:2      | Reached XP level 4. HP: 24/24 MP: 8/8
  2953 | D:3      | Noticed a bullfrog
  2972 | D:3      | Found a hazy altar of Hepliaklqana.
  3019 | D:3      | Learned a level 3 spell: Call Canine Familiar
  3061 | D:3      | Noticed an ogre
  3089 | D:3      | HP: 1/24 [ogre/giant club (22)]
  3422 | D:2      | Slain by a gnoll

Skill      XL: |  1  2  3  4 |
---------------+-------------+-----
Summonings     | 5 |  5.6
Dodging        | 3 |  3.1
Fighting       | |  0.2
Maces & Flails | |  0.7
Stealth        | |  2.4
Spellcasting   | |  2.6

Action                   |  1- 3 |  4- 6 || total
-------------------------+-------+-------++-------
Melee: Unarmed           |     7 |       ||     7
       Whip              |    95 |    27 ||   122
       Peck              |    12 |     6 ||    18
       Kick              |    19 |     4 ||    23
Throw: Stone             |     4 |    13 ||    17
 Cast: Summon Small Mamm |    19 |     6 ||    25
       Call Imp          |    13 |    21 ||    34
       Call Canine Famil |       |     3 ||     3
  Use: Scroll            |     3 |     3 ||     6
 Stab: Distracted        |     1 |       ||     1
       Sleeping          |     4 |     1 ||     5
  Eat: Bread ration      |     1 |     1 ||     2
       Chunk             |     1 |       ||     1
       Meat ration       |       |     1 ||     1
Armor: Robe              |    14 |     7 ||    21
Dodge: Dodged            |   100 |    26 ||   126
